 Dungeon Crawl Stone Soup version 0.21.1-1-g345015fe64 (webtiles) character file.

66 Kohma the Vexing (level 3, -5/16 HPs)
             Began as a Spriggan Enchanter on June 10, 2018.
             Killed from afar by Sigmund (9 damage)
             ... with a magic dart
             ... on level 2 of the Dungeon.
             The game lasted 00:05:29 (1523 turns).

Kohma the Vexing (Spriggan Enchanter)               Turns: 1523, Time: 00:05:30

Health: -5/16      AC:  3    Str:  5    XL:     3   Next: 96%
Magic:  1/9        EV: 19    Int: 16    God:
Gold:   39         SH:  0    Dex: 16    Spells: 6/9 levels left

rFire    . . .     SeeInvis +   h - +4 dagger
rCold    . . .     Gourm    .   (shield restricted)
rNeg     . . .     Faith    .   b - +0 robe
rPois    .         Spirit   .   (helmet restricted)
rElec    .         Reflect  .   l - +0 cloak
rCorr    .         Harm     .   (gloves unavailable)
MR       .....                  (boots unavailable)
Stlth    +++.......             (no amulet)
HPRegen  0.05/turn              (no ring)
MPRegen  0.11/turn              (no ring)

@: very quick
A: very small, unfitting armour, see invisible, herbivore, speed 3, slow
metabolism 2
a: no special abilities


You were on level 2 of the Dungeon.
You were not hungry.

You visited 1 branch of the dungeon, and saw 3 of its levels.

You collected 39 gold pieces.

Inventory:

Hand Weapons
 a - a +1 dagger
 e - a +0 dagger
 h - a +4 dagger (weapon)
Missiles
 i - 2 needles of confusion
Armour
 b - a +0 robe (worn)
 l - a +0 cloak (worn)
Jewellery
 f - an uncursed ring of ice {unknown}
Scrolls
 g - 3 scrolls of fog {unknown}
 j - a scroll of teleportation {unknown}
 m - a scroll of identify {unknown}
 n - a scroll of enchant armour {unknown}
 p - 2 scrolls of remove curse {unknown}
Potions
 k - a potion of haste {unknown}
 o - a potion of berserk rage {unknown}
Books
 c - a book of Maledictions

   Spells                             Type                      Level
   a - Corona                         Hexes                        1
   b - Ensorcelled Hibernation        Hexes/Ice                    2
   c - Confuse                        Hexes                        3
   d - Tukima's Dance                 Hexes                        3
   e - Dazzling Spray                 Conjuration/Hexes            3
Comestibles
 d - 4 rations


   Skills:
 + Level 2.0 Short Blades
 + Level 3.6 Dodging
 - Level 4.4 Stealth
 * Level 3.7 Spellcasting
 * Level 4.5 Hexes


You had 6 spell levels left.
You knew the following spells:

 Your Spells              Type           Power        Failure   Level  Hunger
a - Corona                Hex            ###....      2%          1    None
b - Ensorcelled Hibernat  Hex/Ice        ##....       11%         2    ##.....


Dungeon Overview and Level Annotations

Branches:
Dungeon (3/15)

Altars:

Annotations:
D:2 Sigmund
D:3 Natasha


Innate Abilities, Weirdness & Mutations

You are very small and have problems with some larger weapons.
You are too small for most types of armour.
You have supernaturally acute eyesight. (SInv)
You are a herbivore.
You cover ground extremely quickly.
You need consume almost no food.


Message History

Casting: Ensorcelled Hibernation
Confirm with . or Enter, or press ? or * to list all spells.
Aiming: Ensorcelled Hibernation
Press: ? - help, Shift-Dir - straight line, f/p - Sigmund
Aim: Sigmund, wielding a scythe and wearing a robe (chance to defeat MR: 50%) Sigmund looks drowsy...
The helpless Sigmund fails to defend himself.
You impale Sigmund!!
Sigmund is almost dead.
Sigmund gestures at you while chanting. The puff of flame hits you!
Ouch! That really hurt!
* * * LOW HITPOINT WARNING * * *
You hit Sigmund.
Sigmund is almost dead.
Sigmund misses you.
Sigmund points at you and mumbles some strange words.
The magic dart hits you!
Ouch! That really hurt!
You die...

...........# #.##..##.##.#...####
##.........###.##.....##..#......
#....(.....รท...###.......#.#.####
..#...##..####.############.##
......##..#......# ###
....#.......##.#.#
.#####.........#.### .#
#.##.###......# ## #J #......#@#.#
#. #####.##.#.# #./....##
#.#.....## #....@...# #........#
#........# #!#.....## #......##


You could see Sigmund.

Vanquished Creatures
  3 adders (D:2)
  An adder skeleton (D:2)
  A worm (D:2)
  2 dart slugs (D:1)
  3 bats
  2 giant cockroaches (D:1)
  4 goblins (D:2)
  4 hobgoblins (D:1)
  A quokka (D:2)
  A ball python (D:2)
  4 frilled lizards (D:1)
  3 kobolds
  2 rats
31 creatures vanquished.

Notes
Turn   | Place    | Note
-------+----------+-------------------------------------------
     0 | D:1      | Kohma the Spriggan Enchanter began the quest for the Orb.
     0 | D:1      | Reached XP level 1. HP: 9/9 MP: 5/5
   354 | D:1      | Reached XP level 2. HP: 11/13 MP: 5/7
   358 | D:1      | Learned a level 2 spell: Ensorcelled Hibernation
   827 | D:3      | Noticed Natasha
   925 | D:2      | Reached XP level 3. HP: 15/16 MP: 6/8
  1507 | D:2      | Noticed Sigmund
  1523 | D:2      | Killed from afar by Sigmund

Skill      XL: |  1  2  3 |
---------------+----------+-----
Spellcasting   | 3 |  3.7
Hexes          | 4 |  4.5
Short Blades   | 2 |  2.0
Dodging        | |  3.6
Stealth        | |  4.4

Action                   || total
-------------------------++-------
Melee: Dagger            ||    92
 Cast: Corona            ||    18
       Ensorcelled Hiber ||    12
 Stab: Sleeping          ||    15
Armor: Robe              ||    14
Dodge: Dodged            ||    68
